 Dungeon Crawl Stone Soup version 0.30-a0-29-g142975f185 (webtiles) character file.

Game seed: 14551153150383216423

107 Plasmagod the Magician (level 5, -12/35 HPs)
             Began as a Djinni Ice Elementalist on Aug 26, 2022.
             Killed by divine providence
             ... invoked by an orc priest
              (16 damage)
             ... on level 3 of the Dungeon.
             The game lasted 00:05:59 (3153 turns).

Plasmagod the Magician (Djinni Ice Elementalist)    Turns: 3153, Time: 00:06:00

Health: -12/35     AC: 10    Str:  7    XL:     5   Next: 11%
Gold:   89         EV: 12    Int: 18    God:
                   SH:  3    Dex: 14

rFire   + + .      SeeInvis .    (no weapon)
rCold   x . .      Faith    .    q - +0 buckler
rNeg    . . .      Spirit   .    a - +0 robe
rPois   ∞          Reflect  .    k - +2 hat
rElec   .          Harm     .    l - +0 cloak
rCorr   .          Rampage  .    m - +0 pair of gloves
Will    .....                    (boots unavailable)
Stlth   ++........               (no amulet)
HPRegen 0.11/turn                o - +4 ring of protection
MPRegen 0.00/turn                (no ring)

@: flying
A: sickness immunity, fire resistance 2, cold vulnerability 1, float, innate
caster, HP casting, extra vitality 1
a: no special abilities


You were on level 3 of the Dungeon.
You visited 1 branch of the dungeon, and saw 3 of its levels.

You collected 89 gold pieces.

Inventory:

Armour
 a - a +0 robe (worn)
 d - a +0 helmet
 k - a +2 hat (worn)
 l - a +0 cloak (worn)
 m - a +0 pair of gloves (worn)
 q - a +0 buckler (worn)
Jewellery
 o - a +4 ring of protection (left hand)
Scrolls
 b - a scroll of teleportation {unknown}
 j - a scroll of fear {unknown}
 p - a scroll of amnesia {unknown}
 s - 3 scrolls of identify {unknown}
Potions
 c - 2 potions of mutation {unknown}
 e - 2 potions of berserk rage {unknown}
 f - a potion of invisibility {unknown}
 g - a potion of cancellation {unknown}
 h - 3 potions of curing {unknown}
 i - a potion of magic {unknown}
 n - a potion of lignification {unknown}
 r - 5 potions of heal wounds {unknown}


   Skills:
 - Level 3.2 Dodging
 - Level 2.4 Stealth
 + Level 4.1 Spellcasting


You couldn't memorise any spells.
You knew the following spells:

 Your Spells              Type           Power      Damage    Failure   Level
a - Freeze                Ice            72%        1d9       3%          1
b - Frozen Ramparts       Ice            36%        1d6       11%         3
c - Ozocubu's Armour      Ice            18%        N/A       11%         3
d - Hailstorm             Conj/Ice       18%        3d6       34%         4
e - Necrotise             Necr           72%        1d7       3%          1
f - Call Imp              Summ           18%        N/A       5%          2
Your spell library was empty.

Dungeon Overview and Level Annotations

Branches:
Dungeon (3/15)

Altars:
Elyvilon
Wu Jian


Innate Abilities, Weirdness & Mutations

You are immune to sickness and miasma.
You are immune to poison.
Your flesh is very heat resistant. (rF++)
You are vulnerable to cold. (rC-)
You float through the air rather than walking.
You learn spells naturally, not from books.
Your magical power is your life essence.
You have superior vitality. (+4 MHP)


Message History

You kill the orc!
* * * LOW HITPOINT WARNING * * *
The dead are walking!
You are too injured to fight recklessly!
Casting: Necrotise (safe; 3% risk of failure)
Confirm with . or Enter, or press ? or * to list all spells.
Aiming: Necrotise (safe; 3% risk of failure)
Press: ? - help, Shift-Dir - straight line, f/p - orc priest
Aim: an orc priest, wielding a +0 vampiric falchion (severely wounded, chance to affect: 76%)
The orc priest writhes in agony.
* * * LOW HITPOINT WARNING * * *
Your orc skeleton hits the orc priest.
The orc priest looks encouraged for a moment.
Your orc skeleton hits the orc priest but does no damage.
The orc priest looks encouraged for a moment.
The orc priest hits your orc skeleton with a +0 dagger.
Your orc skeleton closely misses the orc priest.
The orc priest barely misses your orc skeleton.
The orc priest hits your orc skeleton with a +0 dagger.
Casting: Necrotise (safe; 3% risk of failure)
Confirm with . or Enter, or press ? or * to list all spells.
Aiming: Necrotise (safe; 3% risk of failure)
Press: ? - help, Shift-Dir - straight line, f/p - orc priest
Aim: an orc priest, wielding a +0 vampiric falchion (almost dead, chance to affect: 76%)
The orc priest writhes in agony.
* * * LOW HITPOINT WARNING * * *
Your orc skeleton misses the orc priest.
Casting: Necrotise (safe; 3% risk of failure)
Confirm with . or Enter, or press ? or * to list all spells.
Aiming: Necrotise (safe; 3% risk of failure)
Press: ? - help, Shift-Dir - straight line, f/p - orc priest
Aim: an orc priest, wielding a +0 vampiric falchion (almost dead, chance to affect: 76%)
The orc priest writhes in agony.
You kill the orc priest!
* * * LOW HITPOINT WARNING * * *
The dead are walking!
Your orc skeleton closely misses the orc priest.
The orc priest calls down the wrath of Beogh upon you.
Beogh smites you!
You die...

..............##.## #.# #
...#####.#...####.#####.#
#.#..##..........#
#.##.##.##.#######
#.......#.## ####.#.#.##
#.##.## #.#### #@# #.# ##
#)# .o #.# #)#Z## #.oZ.#
#..#.# ### .# ..


You could see an orc priest (ally target), a friendly orc skeleton and a
friendly orc priest skeleton.

Vanquished Creatures
  An orc priest (D:3)
  A hound (D:2)
  3 adders
  3 worms
  An orc (D:3)
  2 ball pythons
  4 bats (D:1)
  4 endoplasms (D:1)
  A giant cockroach (D:1)
  3 goblins
  7 hobgoblins
  3 kobolds
  A quokka (D:1)
  5 frilled lizards
  5 rats
44 creatures vanquished.

Vanquished Creatures (collateral kills)
  A rat (D:1)
1 creature vanquished.

Grand Total: 45 creatures vanquished

Notes
Turn   | Place    | Note
-------+----------+-------------------------------------------
     0 | D:1      | Plasmagod the Djinni Ice Elementalist began the quest for
                  | the Orb.
     0 | D:1      | Plasmagod set off with the following spells memorised:
                  | Freeze, Frozen Ramparts, Ozocubu's Armour, Hailstorm.
     0 | D:1      | Reached XP level 1. HP: 15/15 MP: 0/0
   256 | D:1      | Reached XP level 2. HP: 2/21 MP: 0/0
  1002 | D:1      | Reached XP level 3. HP: 24/25 MP: 0/0
  1002 | D:1      | Learned a level 1 spell: Necrotise
  1732 | D:2      | Identified the +3 scale mail "Avavaint" {Str+4 Int+2}
  1813 | D:2      | Reached XP level 4. HP: 26/31 MP: 0/0
  1924 | D:2      | Found a faded altar of an unknown god.
  2602 | D:2      | Reached skill level 4 in Spellcasting
  2794 | D:3      | Found a white marble altar of Elyvilon.
  2878 | D:3      | Reached XP level 5. HP: 32/35 MP: 0/0
  2878 | D:3      | Learned a level 2 spell: Call Imp
  3140 | D:3      | Found an ornate altar of the Wu Jian Council.
  3153 | D:3      | Killed from afar by an orc priest

Illustrated notes

Levels and vault maps discovered:
D:1:      wander_arrival_chamber, layout_basic, minmay_strange_pillars
D:2:      layout_basic, hellmonk_ecumenical_altar_pennies_from_heaven
D:3:      layout_loops_corners, nicolae_overflow_crystal_walls,
          nzn_wu_jian_contemplation, nicolae_uskayaw_en_pointe, serial_shops,
          nicolae_shop_competitors_out_of_business

Skill      XL: |  1  2  3  4 |
---------------+-------------+-----
Stealth        | 2 |  2.4
Dodging        | 3 |  3.2
Spellcasting   | 4 |  4.1

Action                   |  1- 3 |  4- 6 || total
-------------------------+-------+-------++-------
 Cast: Freeze            |    36 |    12 ||    48
       Necrotise         |    16 |    38 ||    54
Armor: Robe              |     5 |       ||     5
Dodge: Dodged            |    18 |     3 ||    21
Block: Buckler           |       |     1 ||     1

Table legend: (Time is in decaauts)
 A = Elapsed time spent in this place.
 B = Non-inter-level travel time spent in this place.
 C = Inter-level travel time spent in this place.
 D = Time resting spent in this place.
 E = Time spent auto-exploring this place.
 F = Levels seen in this place.
 G = Mean time per level.
                   A        B        C        D        E       F      G
               +--------+--------+--------+--------+--------+-----+--------+
         Total |   3151 |   3061 |     90 |     12 |   2694 |   3 | 1050.3 |
       Dungeon |   3151 |   3061 |     90 |     12 |   2694 |   3 | 1050.3 |
               +--------+--------+--------+--------+--------+-----+--------+

Top non-repeatable levels by time:
     D:1: 1697 daAuts
     D:2: 1039 daAuts
     D:3: 415 daAuts
